MWL (24 & UNDER)
BEMIDJI BENDERS @ PLUMSTEAD EAGLES
07/20/2027
 
TOP OF THE 1ST
Bemidji Benders batting - Pitching for Plumstead Eagles : RHP Lane Lund
Pitching: RHP Lane Lund
Batting: RHB Robert Rose 0-0: Called Strike
0-1: Ball
1-1: Ball
2-1: Swinging Strike
2-2: Foul Ball, location: 2F
2-2: Ball
3-2: Foul Ball, location: 2F
3-2: Strikes out looking
Batting: RHB Gilbert Forbes 0-0: Called Strike
0-1: Called Strike
0-2: Ball
1-2: Foul Ball, location: 2F
1-2: Strikes out swinging
Batting: RHB Joe Zapata 0-0: Ball
1-0: Called Strike
1-1: Ball
2-1: Swinging Strike
2-2: Ball
3-2: Base on Balls
Batting: LHB Caleb Hall 0-0: Foul Ball, location: 2F
0-1: Swinging Strike
0-2: Ground out 3-1 (Groundball, 34)
Top of the 1st over - 0 run(s), 0 hit(s), 0 error(s), 1 left on base; Bemidji 0 - Plumstead 0
BOTTOM OF THE 1ST
Plumstead Eagles batting - Pitching for Bemidji Benders : LHP José Travez
Pitching: LHP José Travez
Batting: RHB Pablo Villarreal 0-0: Ball
1-0: Ball
2-0: Foul Ball, location: 2F
2-1: SINGLE (Line Drive, 34D)
Batting: RHB Jeff Townsley 0-0: Ball
1-0: Fly out, F8 (Flyball, 8RS)
Batting: RHB José Ortega 0-0: Ball
1-0: Ball
2-0: Foul Ball, location: 2F
2-1: Ball
3-1: Base on Balls
Pablo Villarreal to second
Batting: RHB Juan Caceres 0-0: Ball
1-0: Called Strike
1-1: Fly out, F5 (Popup, 5L)
Batting: RHB Jaime Rodríguez 0-0: Called Strike
0-1: Foul Ball, location: 2F
0-2: Fly out, F6 (Popup, 6M)
Bottom of the 1st over - 0 run(s), 1 hit(s), 0 error(s), 2 left on base; Bemidji 0 - Plumstead 0
TOP OF THE 2ND
Bemidji Benders batting - Pitching for Plumstead Eagles : RHP Lane Lund
Batting: RHB Roberto Solís 0-0: Ball
1-0: Called Strike
1-1: Foul Ball, location: 2F
1-2: Fly out, F6 (Popup, 56D)
Batting: RHB Pablo Díaz 0-0: Ball
1-0: Called Strike
1-1: Ball
2-1: Ball
3-1: Base on Balls
Batting: RHB Micheal Banks 0-0: DOUBLE (Flyball, 78M)
Pablo Díaz to third
Batting: SHB Jorge García 0-0: DOUBLE (Flyball, 7LM)
Pablo Díaz scores
Micheal Banks scores
Batting: RHB Leon Heath 0-0: Ball
Balk!
Jorge García to third
1-0: Called Strike
1-1: SINGLE (Line Drive, 5)
Jorge García scores
Batting: RHB Robert Rose 0-0: Called Strike
0-1: Called Strike
0-2: Ball
Leon Heath steals 2nd base
1-2: Strikes out swinging
Batting: RHB Gilbert Forbes 0-0: Foul Ball, location: 2F
0-1: Fly out, F8 (Flyball, 8RM)
Top of the 2nd over - 3 run(s), 3 hit(s), 0 error(s), 1 left on base; Bemidji 3 - Plumstead 0
BOTTOM OF THE 2ND
Plumstead Eagles batting - Pitching for Bemidji Benders : LHP José Travez
Batting: RHB Kolomon Meise 0-0: Ball
1-0: Ball
2-0: Foul Ball, location: 2F
2-1: Called Strike
2-2: Strikes out looking
Batting: RHB José Moreno 0-0: Fly out, F9 (Flyball, 9S)
Batting: RHB Howard Johnson 0-0: Foul Ball, location: 2F
0-1: SINGLE (Line Drive, 8RS)
Batting: LHB Ryan Flynn 0-0: Called Strike
0-1: Ball
1-1: Fly out, F4 (Line Drive, 4M)
Bottom of the 2nd over - 0 run(s), 1 hit(s), 0 error(s), 1 left on base; Bemidji 3 - Plumstead 0
TOP OF THE 3RD
Bemidji Benders batting - Pitching for Plumstead Eagles : RHP Lane Lund
Batting: RHB Joe Zapata 0-0: Called Strike
0-1: Ball
1-1: Foul Ball, location: 2F
1-2: Ball
2-2: Foul Ball, location: 2F
2-2: Ball
3-2: Foul Ball, location: 2F
3-2: Base on Balls
Batting: LHB Caleb Hall 0-0: Ball
1-0: Called Strike
1-1: Swinging Strike
1-2: Ball
2-2: Foul Ball, location: 2F
2-2: Ball
3-2: Strikes out swinging
Batting: RHB Roberto Solís 0-0: Ball
1-0: Called Strike
1-1: Swinging Strike
1-2: Foul Ball, location: 2F
1-2: Strikes out looking
Batting: RHB Pablo Díaz 0-0: Ball
1-0: Ball
2-0: Called Strike
2-1: Ball
3-1: Called Strike
3-2: Strikes out swinging
Top of the 3rd over - 0 run(s), 0 hit(s), 0 error(s), 1 left on base; Bemidji 3 - Plumstead 0
BOTTOM OF THE 3RD
Plumstead Eagles batting - Pitching for Bemidji Benders : LHP José Travez
Batting: RHB Pablo Villarreal 0-0: SINGLE (Flyball, 8RS)
Batting: RHB Jeff Townsley 0-0: Called Strike
Pablo Villarreal steals 2nd base
0-1: Called Strike
0-2: Ball
1-2: Ball
2-2: Foul Ball, location: 2F
2-2: Foul Ball, location: 2F
2-2: Strikes out swinging
Batting: RHB José Ortega 0-0: Ball
1-0: Foul Ball, location: 2F
1-1: Ball
2-1: Swinging Strike
2-2: Foul Ball, location: 2F
2-2: DOUBLE (Line Drive, 9LM)
Pablo Villarreal scores
Batting: RHB Juan Caceres 0-0: Foul Ball, location: 2F
0-1: Ball
1-1: Foul Ball, location: 2F
1-2: Ground out 6-3 (Groundball, 6)
Batting: RHB Jaime Rodríguez 0-0: Called Strike
0-1: Ball
1-1: Ball
2-1: Ball
3-1: Foul Ball, location: 2F
3-2: Base on Balls
Batting: RHB Kolomon Meise 0-0: Called Strike
0-1: Fielders Choice at 2nd, 4-6 (Groundball, 4)
Bottom of the 3rd over - 1 run(s), 2 hit(s), 0 error(s), 1 left on base; Bemidji 3 - Plumstead 1
TOP OF THE 4TH
Bemidji Benders batting - Pitching for Plumstead Eagles : RHP Lane Lund
Batting: RHB Micheal Banks 0-0: Ball
1-0: Foul Ball, location: 2F
1-1: Ball
2-1: Foul Ball, location: 2F
2-2: Ball
3-2: Foul Ball, location: 2F
3-2: Foul Ball, location: 2F
3-2: Strikes out swinging
Batting: SHB Jorge García 0-0: Called Strike
0-1: Ball
1-1: Swinging Strike
1-2: Foul Ball, location: 2F
1-2: Foul Ball, location: 2F
1-2: Foul Ball, location: 2F
1-2: Ground out 4-3 (Groundball, 4)
Batting: RHB Leon Heath 0-0: Ball
1-0: DOUBLE (Flyball, 78XD)
Pitching: LHP Pedro Rosado
Batting: RHB Robert Rose 0-0: Foul Ball, location: 2F
0-1: Swinging Strike
0-2: Ball
1-2: Ball
2-2: Ball
3-2: Strikes out swinging
Top of the 4th over - 0 run(s), 1 hit(s), 0 error(s), 1 left on base; Bemidji 3 - Plumstead 1
BOTTOM OF THE 4TH
Plumstead Eagles batting - Pitching for Bemidji Benders : LHP José Travez
Batting: RHB José Moreno 0-0: Swinging Strike
0-1: Foul Ball, location: 2F
0-2: Foul Ball, location: 2F
0-2: Strikes out swinging
Batting: RHB Howard Johnson 0-0: Called Strike
0-1: Called Strike
0-2: Ball
1-2: Foul Ball, location: 2F
1-2: Foul Ball, location: 2F
1-2: Ball
2-2: Strikes out looking
Batting: LHB Ryan Flynn 0-0: Foul Ball, location: 2F
0-1: Foul Ball, location: 2F
0-2: Ball
1-2: Foul Ball, location: 2F
1-2: Foul Ball, location: 2F
1-2: Foul Ball, location: 2F
1-2: Strikes out swinging
Bottom of the 4th over - 0 run(s), 0 hit(s), 0 error(s), 0 left on base; Bemidji 3 - Plumstead 1
TOP OF THE 5TH
Bemidji Benders batting - Pitching for Plumstead Eagles : LHP Pedro Rosado
Batting: RHB Gilbert Forbes 0-0: Ball
1-0: Ball
2-0: Ball
3-0: Called Strike
3-1: Foul Ball, location: 2F
3-2: Foul Ball, location: 2F
3-2: Strikes out swinging
Batting: RHB Joe Zapata 0-0: Ball
1-0: Ball
2-0: Called Strike
2-1: Ball
3-1: SINGLE (Groundball, 4MD)
Batting: LHB Caleb Hall 0-0: Ball
1-0: Fly out, F9 (Flyball, 9LSF)
Batting: RHB Roberto Solís 0-0: Ball
1-0: Fly out, F5 (Line Drive, 5)
Top of the 5th over - 0 run(s), 1 hit(s), 0 error(s), 1 left on base; Bemidji 3 - Plumstead 1
BOTTOM OF THE 5TH
Plumstead Eagles batting - Pitching for Bemidji Benders : LHP José Travez
Batting: RHB Pablo Villarreal 0-0: Called Strike
0-1: Swinging Strike
0-2: Ball
1-2: Ground out 5-3 (Groundball, 5L)
Batting: RHB Jeff Townsley 0-0: Ball
1-0: Foul Ball, location: 2F
1-1: Foul Ball, location: 2F
1-2: SINGLE (Flyball, 89S)
Batting: RHB José Ortega 0-0: Ball
1-0: Foul Ball, location: 2F
1-1: Called Strike
1-2: Strikes out swinging
Batting: RHB Juan Caceres 0-0: Ball
Jeff Townsley steals 2nd base
1-0: Ball
2-0: Foul Ball, location: 2F
2-1: Fly out, F9 (Flyball, 9S)
Bottom of the 5th over - 0 run(s), 1 hit(s), 0 error(s), 1 left on base; Bemidji 3 - Plumstead 1
TOP OF THE 6TH
Bemidji Benders batting - Pitching for Plumstead Eagles : LHP Pedro Rosado
Batting: RHB Pablo Díaz 0-0: Ground out 4-3 (Groundball, 4)
Batting: RHB Micheal Banks 0-0: Fly out, F8 (Line Drive, 8LXD)
Batting: SHB Jorge García 0-0: Ball
1-0: Foul Ball, location: 2F
1-1: Ball
2-1: Ball
3-1: Called Strike
3-2: Foul Ball, location: 2F
3-2: SOLO HOME RUN (Line Drive, 78XD), Distance : 415 ft
Batting: RHB Leon Heath 0-0: Ball
1-0: Ball
2-0: Ball
3-0: Base on Balls
Batting: RHB Robert Rose 0-0: Foul Ball, location: 2F
0-1: Ball
1-1: Swinging Strike
1-2: Ball
2-2: Ball
3-2: Base on Balls
Leon Heath to second
Batting: RHB Gilbert Forbes 0-0: Ball
1-0: Ball
2-0: Ground out 5-3 (Groundball, 56S)
Top of the 6th over - 1 run(s), 1 hit(s), 0 error(s), 2 left on base; Bemidji 4 - Plumstead 1
BOTTOM OF THE 6TH
Plumstead Eagles batting - Pitching for Bemidji Benders : LHP José Travez
Pitching: RHP Jeremiah Moran
Batting: RHB Jaime Rodríguez 0-0: Ball
1-0: Foul Ball, location: 2F
1-1: Ball
2-1: Swinging Strike
2-2: Foul Ball, location: 2F
2-2: Ball
3-2: Foul Ball, location: 2F
3-2: Base on Balls
Batting: RHB Kolomon Meise 0-0: Ball
1-0: Called Strike
1-1: Ball
2-1: Ball
3-1: Foul Ball, location: 2F
3-2: Fly out, F3 (Popup, 34)
Batting: RHB José Moreno 0-0: Ball
1-0: Called Strike
1-1: Ball
2-1: Foul Ball, location: 2F
2-2: SINGLE (Line Drive, 9S)
Jaime Rodríguez to second
Runner from 2nd tries for 3rd, SAFE, throw made to third
Batting: RHB Howard Johnson 0-0: Called Strike
0-1: SINGLE (Groundball, 4MD)
Jaime Rodríguez scores
José Moreno to second
Batting: LHB Ryan Flynn 0-0: Called Strike
0-1: Grounds into double play, 4-6-3 (Groundball, 4)
Bottom of the 6th over - 1 run(s), 2 hit(s), 0 error(s), 1 left on base; Bemidji 4 - Plumstead 2
TOP OF THE 7TH
Bemidji Benders batting - Pitching for Plumstead Eagles : LHP Pedro Rosado
Batting: RHB Joe Zapata 0-0: Ball
1-0: Foul Ball, location: 2F
1-1: Foul Ball, location: 2F
1-2: DOUBLE (Flyball, 78M)
Batting: LHB Caleb Hall 0-0: Called Strike
0-1: Foul Ball, location: 2F
0-2: Fly out, F7 (Flyball, 7)
Batting: RHB Roberto Solís 0-0: Swinging Strike
0-1: Ball
1-1: Fly out, F7 (Flyball, 78S)
Batting: RHB Pablo Díaz 0-0: Ball
1-0: Swinging Strike
1-1: Ball
2-1: Ball
3-1: Base on Balls
Batting: RHB Micheal Banks 0-0: Ball
1-0: SINGLE (Groundball, 6MD)
Joe Zapata to third
Pablo Díaz to second
Runner from 3rd tries for Home, SAFE, no throw
Pitching: LHP Jorge Torres
Batting: SHB Jorge García 0-0: Foul Ball, location: 2F
0-1: Foul Ball, location: 2F
0-2: Ball
1-2: Fielders Choice at 2nd, U4 (Groundball, 4M)
Top of the 7th over - 1 run(s), 2 hit(s), 0 error(s), 2 left on base; Bemidji 5 - Plumstead 2
BOTTOM OF THE 7TH
Plumstead Eagles batting - Pitching for Bemidji Benders : RHP Jeremiah Moran
Batting: RHB Pablo Villarreal 0-0: Called Strike
0-1: Reached on error, E3 (Groundball, 3)
Batting: RHB Jeff Townsley 0-0: Ball
1-0: Grounds into double play, 4-6-3 (Groundball, 4)
Batting: RHB José Ortega 0-0: Ball
1-0: Fly out, F8 (Flyball, 78XD)
Bottom of the 7th over - 0 run(s), 0 hit(s), 1 error(s), 0 left on base; Bemidji 5 - Plumstead 2
TOP OF THE 8TH
Bemidji Benders batting - Pitching for Plumstead Eagles : LHP Jorge Torres
Batting: RHB Leon Heath 0-0: Ball
1-0: Foul Ball, location: 2F
1-1: Ball
2-1: Ball
3-1: Called Strike
3-2: Foul Ball, location: 2F
3-2: Fly out, F9 (Flyball, 9S)
Batting: RHB Robert Rose 0-0: Ball
1-0: Foul Ball, location: 2F
1-1: Ball
2-1: Called Strike
2-2: Strikes out looking
Batting: RHB Gilbert Forbes 0-0: Ball
1-0: Foul Ball, location: 2F
1-1: Ball
2-1: Fly out, F5 (Line Drive, 5L)
Top of the 8th over - 0 run(s), 0 hit(s), 0 error(s), 0 left on base; Bemidji 5 - Plumstead 2
BOTTOM OF THE 8TH
Plumstead Eagles batting - Pitching for Bemidji Benders : RHP Jeremiah Moran
Batting: RHB Juan Caceres 0-0: Ball
1-0: Ball
2-0: Ground out 5-3 (Groundball, 56)
Batting: RHB Jaime Rodríguez 0-0: Ground out 5-3 (Groundball, 5L)
Batting: RHB Kolomon Meise 0-0: Foul Ball, location: 2F
0-1: Called Strike
0-2: Strikes out looking
Bottom of the 8th over - 0 run(s), 0 hit(s), 0 error(s), 0 left on base; Bemidji 5 - Plumstead 2
TOP OF THE 9TH
Bemidji Benders batting - Pitching for Plumstead Eagles : LHP Jorge Torres
Batting: RHB Joe Zapata 0-0: Ball
1-0: Ball
2-0: Ball
3-0: Called Strike
3-1: Foul Ball, location: 2F
3-2: Foul Ball, location: 2F
3-2: Ground out 5-3 (Groundball, 56S)
Batting: LHB Caleb Hall 0-0: Ball
1-0: Foul Ball, location: 2F
1-1: Ball
2-1: Foul Ball, location: 2F
2-2: Strikes out swinging
Batting: RHB Roberto Solís 0-0: Called Strike
0-1: Called Strike
0-2: Ball
1-2: Foul Ball, location: 2F
1-2: Ball
2-2: Ball
3-2: Base on Balls
Batting: RHB Pablo Díaz 0-0: Ball
1-0: Called Strike
1-1: Fly out, F7 (Flyball, 78S)
Top of the 9th over - 0 run(s), 0 hit(s), 0 error(s), 1 left on base; Bemidji 5 - Plumstead 2
BOTTOM OF THE 9TH
Plumstead Eagles batting - Pitching for Bemidji Benders : RHP Jeremiah Moran
Pitching: RHP Paul Turberville
Now at 1B: Pat Carroll
Batting: RHB José Moreno 0-0: Ball
1-0: Reached on error, E3 (Groundball, 34)
Batting: RHB Howard Johnson 0-0: Foul Ball, location: 2F
0-1: Called Strike
0-2: Ball
1-2: Foul Ball, location: 2F
1-2: Strikes out swinging
Batting: LHB Ryan Flynn 0-0: Foul Ball, location: 2F
0-1: Ball
1-1: Called Strike
1-2: Strikes out swinging
Batting: RHB Pablo Villarreal 0-0: Ball
1-0: Foul Ball, location: 2F
1-1: Ball
2-1: Called Strike
2-2: Ground out 5-3 (Groundball, 56S)
Bottom of the 9th over - 0 run(s), 0 hit(s), 1 error(s), 1 left on base; Bemidji 5 - Plumstead 2
Thursday, March 30th, 2017 - OOTP Baseball 17.12 Build 75